 Dungeon Crawl Stone Soup version 0.29-a0-207-gf982a88 (webtiles) character file.

Game seed: 10412185038159077192

51 InnerFear the Firebug (level 3, -2/25 HPs)
             Began as a Demonspawn Fire Elementalist on Feb 23, 2022.
             Slain by Terence
             ... wielding a +0 short sword
              (5 damage)
             ... on level 1 of the Dungeon.
             The game lasted 00:14:31 (2427 turns).

InnerFear the Firebug (DsFE)                        Turns: 2427, Time: 00:14:31

Health: -2/25      AC:  2    Str:  8    XL:     3   Next: 58%
Magic:  4/6        EV: 12    Int: 20    God:
Gold:   74         SH:  0    Dex: 13    Spells: 5/6 levels left

rFire   . . .      SeeInvis .   c - staff of poison
rCold   . . .      Faith    .   (no shield)
rNeg    . . .      Spirit   .   a - +0 robe
rPois   +          Reflect  .   (helmet restricted)
rElec   .          Harm     .   (no cloak)
rCorr   .          Rampage  .   (no gloves)
Will    .....                   (no boots)
Stlth   ++........              (no amulet)
HPRegen 0.08/turn               (no ring)
MPRegen 0.20/turn               (no ring)

@: no status effects
A: hooves 1, magic regeneration, horns 1, clever 1
a: no special abilities


You were on level 1 of the Dungeon.
You visited 1 branch of the dungeon, and saw 2 of its levels.

You collected 74 gold pieces.

Inventory:

Armour
 a - a +0 robe (worn)
 b - a +0 pair of gloves
Magical Staves
 c - a staff of poison (weapon)
Jewellery
 j - a ring of protection from fire
Wands
 i - a wand of paralysis (7)
Scrolls
 e - a scroll of blinking {unknown}
 f - 5 scrolls of identify {unknown}
Potions
 g - a potion of brilliance {unknown}
 k - a potion of mutation
 l - a potion of attraction {unknown}
 m - a potion of cancellation {unknown}
 n - a potion of degeneration {unknown}


   Skills:
 + Level 0.5 Fighting
 + Level 2.1 Dodging
 + Level 1.8 Stealth
 + Level 0.8 Unarmed Combat
 + Level 2.4 Spellcasting
 + Level 1.4 Conjurations
 + Level 3.2 Fire Magic


You had 5 spell levels left.
You knew the following spells:

 Your Spells              Type           Power      Damage    Failure   Level
a - Foxfire               Conj/Fire      44%        2x1d6     6%          1

Your spell library contained the following spells:

 Spells                   Type           Power      Damage    Failure   Level
 Scorch                   Fire           30%        2d7       6%          2
 Conjure Flame            Conj/Fire      11%        6-21      17%         3
 Inner Flame              Hex/Fire       8%         N/A       24%         3
 Flame Wave               Conj/Fire      11%        2d5       50%         4


Dungeon Overview and Level Annotations

Branches:
Dungeon (2/15)

Altars:
Kikubaaqudgha

Annotations:
D:1 Terence


Innate Abilities, Weirdness & Mutations

You have large cloven feet.
You regenerate magic rapidly.
You have a pair of small horns on your head.
Your mind is acute. (Int +2)


Message History

The foxfire hits Terence but does no damage. x2
Terence misses you.
Casting: Foxfire (safe; 6% risk of failure)
Confirm with . or Enter, or press ? or * to list all spells.
You conjure some foxfire!
The foxfire hits Terence but does no damage.
The foxfire hits Terence.
Terence resists.
Terence is lightly wounded.
Terence hits you with a +0 short sword.
The foxfire hits Terence.
Terence resists.
Terence is moderately wounded.
The foxfire hits Terence but does no damage.
Terence is moderately wounded.
You barely miss Terence. You kick Terence, but do no damage.
You headbutt Terence, but do no damage.
Terence is moderately wounded.
Terence completely misses you.
You barely miss Terence. You kick Terence, but do no damage.
Your headbutt misses Terence. Your punch misses Terence.
Terence is moderately wounded.
Terence closely misses you. x2
You barely miss Terence.
Terence is moderately wounded.
Terence misses you.
You hit Terence. Your kick misses Terence.
Terence is moderately wounded.
Terence hits you with a +0 short sword.
You barely miss Terence. You headbutt Terence, but do no damage.
Terence is moderately wounded.
Terence closely misses you.
You hit Terence but do no damage.
Terence is moderately wounded.
Terence hits you with a +0 short sword. Terence hits you with a +0 short sword.
* * * LOW HITPOINT WARNING * * *
Okay, then.
As you read the scroll labelled PED AXOFOPP, it crumbles to dust.
You feel a surge of unholy energy.
Terence convulses!
It was a scroll of torment.
Terence hits you with a +0 short sword.
You die...

......######## #..#.........#
#####.....######..#.......[.#####
..........#.......#..............
####......#.......#..............
...#.....##.......#######........
#............#+#.>.......#.......
#..###'##................########
..##...##..................#
...#.#..+......@@....###...#
...#.#.##....)......## #...#
...#.#.##...........# #...######
...#.#.##.........#.# #.........
...#'#..'.........#.# #.........
......###.........#.####.........
#.......'.........#..............
##.....##.........#..............
##.....############..............


You could see Terence.

Vanquished Creatures
  An adder (D:2)
  A dart slug (D:2)
  An orc (D:2)
  2 endoplasms
  A giant cockroach (D:1)
  4 goblins
  5 hobgoblins
  A jackal (D:1)
  4 quokkas (D:1)
  3 ball pythons (D:1)
  3 bats
  2 frilled lizards (D:1)
  5 kobolds
  4 rats
37 creatures vanquished.

Vanquished Creatures (others)
  141 foxfires
141 creatures vanquished.

Grand Total: 178 creatures vanquished

Notes
Turn   | Place    | Note
-------+----------+-------------------------------------------
     0 | D:1      | InnerFear the Demonspawn Fire Elementalist began the quest
                  | for the Orb.
     0 | D:1      | Reached XP level 1. HP: 13/13 MP: 3/3
   397 | D:1      | Discovered your monstrous ancestry.
   397 | D:1      | Gained mutation: You have large cloven feet. [demonic
                  | ancestry]
   397 | D:1      | Reached XP level 2. HP: 20/20 MP: 1/5
   469 | D:1      | Gained mutation: Your mind is acute. (Int +2) [potion of
                  | mutation]
   469 | D:1      | Gained mutation: You have a pair of small horns on your
                  | head. [potion of mutation]
   852 | D:1      | Reached skill level 3 in Fire Magic
  1582 | D:2      | Gained mutation: You regenerate magic rapidly. [demonic
                  | ancestry]
  1582 | D:2      | Reached XP level 3. HP: 25/25 MP: 2/6
  1723 | D:2      | Found an ancient bone altar of Kikubaaqudgha.
  2210 | D:2      | Noticed Terence
  2396 | D:1      | HP: 1/25 [Terence/+0 short sword (5)]
  2427 | D:1      | Slain by Terence

Illustrated notes

Levels and vault maps discovered:
D:1:      lemuel_arrival_rhombus, layout_basic, minmay_split_cup_small
D:2:      layout_basic, basic_altar, grunt_decor_junction, uniq_terence

Skill      XL: |  1  2 |
---------------+-------+-----
Dodging        | 2 |  2.1
Fire Magic     | 3 |  3.2
Fighting       | |  0.5
Stealth        | |  1.8
Unarmed Combat | |  0.8
Spellcasting   | |  2.4
Conjurations   | |  1.4

Action                   || total
-------------------------++-------
Melee: Unarmed           ||    22
       Staff             ||     9
       Kick              ||     4
       Headbutt          ||     3
 Cast: Foxfire           ||    84
  Use: Potion            ||     3
       Scroll            ||     1
Armor: Robe              ||     8
Dodge: Dodged            ||    65

Table legend: (Time is in decaauts)
 A = Elapsed time spent in this place.
 B = Non-inter-level travel time spent in this place.
 C = Inter-level travel time spent in this place.
 D = Time resting spent in this place.
 E = Time spent auto-exploring this place.
 F = Levels seen in this place.
 G = Mean time per level.
                   A        B        C        D        E       F      G
               +--------+--------+--------+--------+--------+-----+--------+
         Total |   2428 |   2428 |      0 |    717 |    572 |   2 | 1214.0 |
       Dungeon |   2428 |   2428 |      0 |    717 |    572 |   2 | 1214.0 |
               +--------+--------+--------+--------+--------+-----+--------+

Top non-repeatable levels by time:
     D:1: 1602 daAuts
     D:2: 826 daAuts
